 Dungeon Crawl Stone Soup version 0.27.1-4-g1640c2035a (webtiles) character file.

Game seed: 17843106493363813020

27 Crownlay the Chopper (level 3, -3/31 HPs)
             Began as a Hill Orc Fighter on Nov 6, 2021.
             Slain by a goblin (21 damage)
             ... on level 1 of the Dungeon.
             The game lasted 00:00:37 (439 turns).

Crownlay the Chopper (Hill Orc Fighter)              Turns: 439, Time: 00:00:38

Health: -3/31      AC:  6    Str: 19    XL:     3   Next: 10%
Magic:  3/3        EV:  9    Int:  8    God:
Gold:   12         SH:  0    Dex: 10    Spells: 2/2 levels left

rFire    . . .     SeeInvis .   a - +0 war axe
rCold    . . .     Faith    .   (no shield)
rNeg     . . .     Spirit   .   b - +0 scale mail
rPois    .         Reflect  .   (no helmet)
rElec    .         Harm     .   (no cloak)
rCorr    .         Rampage  .   (no gloves)
Will     .....                  (no boots)
Stlth    ..........             (no amulet)
HPRegen  0.10/turn              (no ring)
MPRegen  0.08/turn              (no ring)

@: no status effects
A: no striking features
a: no special abilities


You were on level 1 of the Dungeon.
You visited 1 branch of the dungeon, and saw 1 of its levels.

You collected 12 gold pieces.

Inventory:

Hand Weapons
 a - a +0 war axe (weapon)
Armour
 b - a +0 scale mail (worn)
 c - a +0 kite shield
Potions
 d - a potion of might
 e - a potion of lignification {unknown}


   Skills:
 - Level 3.6 Fighting
 * Level 4.1 Axes
 - Level 3.2 Armour
 + Level 3.7 Shields


You had 2 spell levels left.
You didn't know any spells.
Your spell library was empty.

Dungeon Overview and Level Annotations

Branches:
Dungeon (1/15)

Altars:


Message History

You blink.
The quokka bites you.
The giant cockroach moves out of view.
You closely miss the jackal. You closely miss the hobgoblin.
You closely miss the quokka. You closely miss the jackal.
A kobold comes into view. It is wielding a +0 dagger.
The jackal barely misses you.
The quokka bites you but does no damage.
The jackal closely misses you.
The jackal bites you but does no damage.
The quokka bites you.
You slash the jackal!
You kill the jackal!
You closely miss the hobgoblin. You slash the jackal!
You kill the jackal!
You hit the quokka.
You kill the quokka!
You barely miss the bat. The bat hits you but does no damage. The bat hits you.
The hobgoblin hits you but does no damage.
The bat hits you but does no damage. The jackal barely misses you.
The hobgoblin hits you.
You have reached level 3!
Your experience leads to an increase in your attributes!
Increase (S)trength, (I)ntelligence, or (D)exterity?
You feel stronger. The bat hits you. The goblin hits you but does no damage.
Space bends around you. The bat hits you but does no damage.
The jackal closely misses you.
You see here a quokka corpse.
The bat barely misses you. The jackal bites you.
The bat hits you but does no damage. The bat hits you but does no damage. x2
You miss the bat. The bat hits you but does no damage. x2
You closely miss the bat. The bat hits you but does no damage.
You barely miss the bat. The bat hits you but does no damage. x2
You slash the bat!
You kill the bat!
The goblin hits you but does no damage.
You barely miss the goblin. The goblin hits you but does no damage.
Space warps horribly around you!!
Ouch! That really hurt!
You die...

##.##### ...
##..# ##. ####
##.>## #. .....
###..##
#..##...##
#....†###
##....#
#....###########
#...?KBg@......#
##
#..†h†########..
.. #....†$# ..
#.####...... ..
#. .....# .. ..
....... .. ?.
..K.... ..
.....## ..
##.... ..


You could see a jackal, a giant cockroach, a goblin and a kobold.

Vanquished Creatures
  2 dart slugs (D:1)
  4 endoplasms (D:1)
  A giant cockroach (D:1)
  A hobgoblin (D:1)
  3 jackals (D:1)
  A quokka (D:1)
  5 ball pythons (D:1)
  3 bats (D:1)
  A kobold (D:1)
  A rat (D:1)
22 creatures vanquished.

Vanquished Creatures (others)
  A plant (D:1)
1 creature vanquished.

Grand Total: 23 creatures vanquished

Notes
Turn   | Place    | Note
-------+----------+-------------------------------------------
     0 | D:1      | Crownlay the Hill Orc Fighter began the quest for the Orb.
     0 | D:1      | Reached XP level 1. HP: 19/19 MP: 1/1
    39 | D:1      | Reached skill level 3 in Axes
   227 | D:1      | Reached XP level 2. HP: 26/26 MP: 2/2
   427 | D:1      | Reached skill level 4 in Axes
   431 | D:1      | Reached XP level 3. HP: 22/31 MP: 3/3
   439 | D:1      | Slain by a goblin

Illustrated notes

Levels and vault maps discovered:
D:1:      ncdulo_smallfort, layout_rooms,
          dreamdust_ecumenical_altar_sealed_demon, minmay_shallow_snake_nest

Skill      XL: |  1  2 |
---------------+-------+-----
Axes           | 3 4 |  4.1
Fighting       | |  3.6
Armour         | |  3.2
Shields        | |  3.7

Action                   || total
-------------------------++-------
Melee: War axe           ||    38
Armor: Scale mail        ||    32
Dodge: Dodged            ||    29
Block: Kite shield       ||     4
